 Dungeon Crawl Stone Soup version 0.23.1-37-gaa34b87 (webtiles) character file.

Game seed: 14762096864638733999

851 w00t the Chopper (level 8, -6/58 HPs)
             Began as a Formicid Fighter on Mar 24, 2019.
             Was an Initiate of the Shining One.
             Splashed by a jelly's acid (12 damage)
             ... on level 5 of the Dungeon.
             The game lasted 00:03:30 (4336 turns).

w00t the Chopper (Formicid Fighter)                 Turns: 4336, Time: 00:03:30

Health: -6/58      AC:  9    Str: 22    XL:     8   Next: 21%
Magic:  8/8        EV:  7    Int: 10    God:    the Shining One [......]
Gold:   191        SH: 12    Dex: 11    Spells: 7/7 levels left

rFire    . . .     SeeInvis +   a - +1 war axe
rCold    . . .     Gourm    .   c - +1 shield
rNeg     . . .     Faith    .   k - +0 chain mail
rPois    .         Spirit   .   (helmet unavailable)
rElec    .         Reflect  .   (no cloak)
rCorr    .         Harm     +   (no gloves)
MR       .....                  (no boots)
Stlth    ..........             f - amulet of harm
HPRegen  0.19/turn              s - +2 ring of intelligence
MPRegen  0.11/turn              (no ring)

@: glowing
A: permanent stasis, dig shafts and tunnels, four strong arms, antennae 3
a: Dig, Shaft Self, Renounce Religion


You were on level 5 of the Dungeon.
You worshipped the Shining One.
The Shining One was noncommittal.
You were very hungry.

You visited 2 branches of the dungeon, and saw 6 of its levels.

You collected 191 gold pieces.

Inventory:

Hand Weapons
 a - a +1 war axe (weapon)
 b - a +0 mace
Missiles
 i - 90 stones (quivered)
 p - 2 tomahawks
 q - 26 sling bullets
Armour
 c - a +1 shield (worn)
 k - a +0 chain mail (worn)
Jewellery
 f - an amulet of harm (around neck)
 s - a +2 ring of intelligence (left hand)
 v - an uncursed ring of fire {unknown}
Scrolls
 h - a scroll of enchant armour
 m - 8 scrolls of identify {unknown}
 n - a scroll of remove curse {@r2}
 w - a scroll of magic mapping {!r}
 x - a scroll of random uselessness {unknown}
Potions
 g - a potion of heal wounds {unknown}
 j - 2 potions of degeneration {unknown}
 l - 2 potions of mutation {unknown}
 u - a potion of cancellation {unknown}
 z - a potion of magic {unknown}
 A - 2 potions of brilliance {unknown}
Comestibles
 r - 3 rations


   Skills:
 - Level 3.2 Fighting
 * Level 7.4 Axes
 - Level 3.2 Armour
 + Level 7.0 Shields


You had 7 spell levels left.
You didn't know any spells.
Your spell library contained the following spells:

 Spells                   Type           Power        Failure   Level  Hunger
 Confusing Touch          Hex            #.....       99%         1    ##.....
 Confuse                  Hex            #.......     100%        3    ####...
 Gell's Gravitas          Tloc           #.........   100%        3    ####...
 Petrify                  Tmut/Erth      #.......     100%        4    #####..
 Metabolic Englaciation   Hex/Ice        #.........   100%        5    ######.
 Yara's Violent Unravell  Hex/Tmut       #.........   100%        5    ######.


Dungeon Overview and Level Annotations

Branches:
Dungeon (5/15)             Temple (1/1) D:5

Altars:
Ashenzari
Cheibriados
Dithmenos
Elyvilon
Fedhas
Gozag
Hepliaklqana
Makhleb
Nemelex Xobeh
Okawaru
Qazlal
Ru
Sif Muna
Trog
Uskayaw
Vehumet
Wu Jian
Xom
Yredelemnul
Zin
The Shining One


Innate Abilities, Weirdness & Mutations

You cannot be hasted, slowed, berserked, paralysed or teleported.
You can dig through walls and to a lower floor.
Your four strong arms can wield two-handed weapons with a shield.
You have a pair of large antennae on your head. (SInv)


Message History

You dig through the rock wall.
The jelly jiggles.
The orc wizard gestures wildly while chanting.
The orc wizard flickers and vanishes for a moment.
You dig through the rock wall.
You dig through the rock wall.
You retract your mandibles.
You hit the jelly.
Your hands burn!
* * * LOW HITPOINT WARNING * * *
The jelly is moderately wounded.
The jelly hits you.
* * * LOW HITPOINT WARNING * * *
You are splashed with acid!
* * * LOW HITPOINT WARNING * * *
You slash the jelly!
Your hands burn!
* * * LOW HITPOINT WARNING * * *
The jelly is almost dead.
You block the jelly's attack. The jelly hits you.
* * * LOW HITPOINT WARNING * * *
You are splashed with acid!
You die...

*8,∩,8,* *,,,,,,****
*,.8.....,**
*#.......,,**
#......?,,,*
#.......,,,*
####.....,,,,,*
##J##...,,,,,,,*
#@#{#.#***********
####{.#{{,,,,,***,
**####..o.#{,,,,,*,**,
*,.....##.#,,,,,,****,
*#........#,,,,**,,,*,
#####....#,,,*,*,,,*,
#....#,{,***,,,*,
##$..#,**,,,,,,*,
####.#*,*,,,,,,*,


You could see a jelly.

Vanquished Creatures
  Grinder (D:3)
  Sigmund (D:3)
  An ogre (D:4)
  A crimson imp (D:5)
  A hound (D:4)
  Jessica (D:2)
  An orc wizard (D:5)
  An iguana (D:4)
  3 worker ants
  A hound skeleton (D:4)
  7 adders
  An ooze (D:1)
  An adder zombie (D:5)
  2 worms (D:2)
  2 dart slugs
  4 leopard geckos
  12 orcs
  6 bats
  7 giant cockroaches
  8 goblins
  10 hobgoblins
  7 jackals (D:2)
  A quokka (D:3)
  A ball python (D:5)
  3 frilled lizards
  A jackal skeleton (D:4)
  9 kobolds
  5 rats
99 creatures vanquished.

Notes
Turn   | Place    | Note
-------+----------+-------------------------------------------
     0 | D:1      | w00t the Formicid Fighter began the quest for the Orb.
     0 | D:1      | Reached XP level 1. HP: 18/18 MP: 1/1
   127 | D:1      | Reached XP level 2. HP: 21/24 MP: 2/2
   369 | D:1      | Reached XP level 3. HP: 27/29 MP: 3/3
  1282 | D:2      | Reached XP level 4. HP: 34/35 MP: 4/4
  1564 | D:2      | Noticed Jessica
  1565 | D:2      | Killed Jessica
  1585 | D:2      | Reached XP level 5. HP: 38/41 MP: 5/5
  2194 | D:3      | Reached skill level 5 in Shields
  2411 | D:3      | Noticed Grinder
  2434 | D:3      | Killed Grinder
  2434 | D:3      | Reached skill level 5 in Axes
  2434 | D:3      | Reached XP level 6. HP: 19/47 MP: 6/6
  2588 | D:3      | Noticed Sigmund
  2650 | D:3      | Killed Sigmund
  2650 | D:3      | Reached XP level 7. HP: 16/52 MP: 7/7
  3671 | D:4      | Reached XP level 8. HP: 48/58 MP: 8/8
  4101 | D:5      | Entered Level 5 of the Dungeon
  4189 | D:5      | Found a staircase to the Ecumenical Temple.
  4195 | Temple   | Entered the Ecumenical Temple
  4236 | Temple   | Became a worshipper of the Shining One
  4336 | D:5      | Splashed by a jelly's acid

Skill      XL: |  1  2  3  4  5  6  7  8 |
---------------+-------------------------+-----
Shields        | 4 5 6 7 |  7.0
Axes           | 3 4 5 6 7 |  7.4
Fighting       | |  3.2
Armour         | |  3.2

Action                   |  1- 3 |  4- 6 |  7- 9 || total
-------------------------+-------+-------+-------++-------
Melee: War axe           |   100 |   121 |   145 ||   366
Throw: Stone             |    50 |    50 |    32 ||   132
 Abil: Dig               |       |     3 |     3 ||     6
  Use: Potion            |       |     2 |       ||     2
       Scroll            |       |       |     6 ||     6
  Eat: Chunk             |     1 |     5 |     5 ||    11
Armor: Scale mail        |    34 |    44 |     1 ||    79
       Chain mail        |       |       |    52 ||    52
Dodge: Dodged            |    33 |    35 |    34 ||   102
Block: Shield            |    51 |    55 |    90 ||   196
